 Dungeon Sprint DCSS version 0.02-122-g12e50fee3c (webtiles) character file.

Game seed: 1327427513891997508, levelgen mode: deterministic

3037 lorenzova the Eclecticist (level 9, -3/45 HPs) Deep Elf Fire Elementalist. Began on Oct 6, 2020. Was a High Priest of Sif Muna. Slain by a demonic crawler (5 damage) ... in the Dungeon (Sprint I: "Red Sonja"). The game lasted 00:08:51 (1122 turns).

lorenzova the Eclecticist (DEFE)                    Turns: 1122, Time: 00:08:53

Health: -3/45      AC:  3    Str:  5    XL:     9 ^: 1189
Magic:  33/33      EV: 13    Int: 24    God:    Sif Muna [5* [147]]
Gold:   853        SH:  0    Dex: 15    Spells: 24/44 levels left

rFire    . . .     Vision   .   j - +3 scythe (venom)
rCold    . . .     Gourm    .   (also wielding the above weapon)
rNeg     . . .     Faith    .   a - +0 robe
rPois    .         Spirit   .   (no helmet)
rElec    .         Reflect  .   (no cloak)
rCorr    .         Harm     .   (no gloves)
MR       .....     NoTele   +   n - +0 pair of boots
Stlth    ++........             (no amulet)
HPRegen  0.25/turn              (no ring)
MPRegen  0.43/turn              (no ring)

@: no status effects
A: no striking features
a: Divine Energy, Channel Magic, Forget Spell, Renounce Religion


You were in the Dungeon.
You worshipped Sif Muna.
Sif Muna was extremely pleased with you.
You were hungry.

You visited 1 branch You collected 853 gold pieces.

Inventory:

Weapons
 j - a +3 scythe of venom (weapon)
Armour
 a - a +0 robe (worn)
 n - a +0 pair of boots (worn)
Wands
 b - a wand of ensnaring (11)
 l - a wand of polymorph (1)
Scrolls
 i - a scroll of blinking
 k - a scroll of enchantment
Potions
 d - 5 potions of curing
 e - 2 potions of heal wounds
 f - a potion of haste
 g - 2 potions of magic
 h - a potion of berserk rage
 m - a potion of invisibility
Comestibles
 c - a ration


   Skills:
 - Level 2.4 Dodging
 - Level 2.4 Stealth
 * Level 18.4 Spellcasting
 + Level 2.7 Summonings
 * Level 16.0 Fire Magic
 + Level 2.3 Air Magic
 + Level 4.0 Invocations


You had 24 spell levels left.
You knew the following spells:

 Your Spells              Type           Power        Failure   Level  Hunger
a - Foxfire               Fire           25 (25)      0%          1    None
b - Searing Ray           Fire           50 (50)      0%          2    None
c - Conjure Flame         Fire           78 (100)     0%          3    None
d - Summon Lightning Spi  Summ/Air       34 (100)     22%         5    None
f - Fireball              Fire           78 (200)     1%          5    None
s - Sticky Flame          Fire/Pois      57 (100)     1%          4    None

Your spell library contained the following spells:

 Spells                   Type           Power        Failure   Level  Hunger
 Summon Small Mammal      Summ           25 (25)      1%          1    None
 Call Imp                 Summ           35 (100)     1%          2    None
 Inner Flame              Hex/Fire       57 (100)     1%          3    None
 Call Canine Familiar     Summ           35 (100)     2%          3    None
 Static Discharge         Air            33 (100)     2%          3    None
 Teleport Other           Hex/Tloc       22 (100)     7%          3    None
 Summon Ice Beast         Ice/Summ       28 (100)     13%         4    None
 Force Lance              Tloc/Air       27 (200)     14%         4    None
 Freezing Cloud           Ice/Air        27 (200)     91%         6    ###....
 Darkness                 Hex            22 (200)     98%         6    ###....


Dungeon Overview and Level Annotations

Branches:
Dungeon (1/1)

Altars:
Cheibriados
Dithmenos
Elyvilon
Fedhas Madash
Gozag Ym Sagoz
Hepliaklqana
Kikubaaqudgha
Makhleb
Nemelex Xobeh
Okawaru
Qazlal
Ru
Sif Muna
Trog
Uskayaw
Vehumet
Wu Jian
Xom
Yredelemnul
Zin
The Shining One
Jiyva
Lugonu

Shops:
D ::[


Message History

You open the door. 4 demonic crawlers come into view.
The demonic crawler gives a hideous shriek! x3
Casting: Summon Lightning Spire (slightly dangerous; 22% risk of failure)
Confirm with . or Enter, or press ? or * to list all spells.
Okay, then.
The demonic crawler hits you (1). The demonic crawler hits you (7)!
The demonic crawler hits you (9)!
Things that are here:
a +0 dagger; a +0 robe; a kobold corpse The demonic crawler gives a hideous shriek!
Things that are here:
a +0 dagger; a cursed +0 robe {(Curse: rF- Int-5)}; a kobold corpse The demonic crawler hits you (10)!
The demonic crawler hits you (4). The demonic crawler hits you (12)!
* * * LOW HITPOINT WARNING * * *
The demonic crawler hits you (1).
* * * LOW HITPOINT WARNING * * *
The demonic crawler hits you (5).
You die...

#####################
.').#..'..#__#..@ss.#
.#..'[.#..'..'..#s).##+#
###'#####'#__####...s..#
##..#...#.####..#####..+
_####..##.#§§§§.# ##
____##'#_.§§§§§§+
.∩...'..._#§§§.§#
..__##_.#'##'####
____###'#)#.[.?###


You could see 4 demonic crawlers.

Vanquished Creatures
  Sonja (D)
  2 centaur warriors (D)
  A deep troll (D)
  2 kobold demonologists (D)
  Sigmund (D)
  A yak (D)
  A slime creature (D)
  A floating eye (D)
  Ijyb (D)
  An ogre (D)
  A jelly (D)
  A ballistomycete (D)
  A ballistomycete spore (D)
15 creatures vanquished.

Vanquished Creatures (others)
  A gargoyle (D)
  A ballistomycete spore (D)
  11 foxfires (D)
13 creatures vanquished.

Grand Total: 28 creatures vanquished

Notes
Turn   | Place    | Note
-------+----------+-------------------------------------------
     0 | D        | lorenzova the Deep Elf Fire Elementalist began the quest
                  | for the Orb.
     0 | D        | Reached XP level 1. HP: 10/10 MP: 6/6
     1 | D        | Noticed Ijyb
    16 | D        | Killed Ijyb
    16 | D        | Reached skill level 8 in Spellcasting
    16 | D        | Reached XP level 2. HP: 13/15 MP: 1/13
    16 | D        | Reached XP level 3. HP: 17/19 MP: 1/14
    16 | D        | Reached XP level 4. HP: 22/24 MP: 1/16
    80 | D        | Learned a level 2 spell: Searing Ray
    84 | D        | Learned a level 3 spell: Conjure Flame
    89 | D        | Learned a level 4 spell: Sticky Flame
    91 | D        | Noticed an ogre
    98 | D        | Killed an ogre
    98 | D        | Reached skill level 10 in Spellcasting
    98 | D        | Reached XP level 5. HP: 28/28 MP: 7/19
   149 | D        | Learned a level 5 spell: Fireball
   158 | D        | Noticed Sigmund
   159 | D        | Killed a gargoyle
   164 | D        | Killed Sigmund
   164 | D        | Reached skill level 12 in Spellcasting
   164 | D        | Reached skill level 10 in Fire Magic
   164 | D        | Reached XP level 6. HP: 22/32 MP: 12/23
   254 | D        | Found an ornate altar of the Wu Jian Council.
   254 | D        | Found a shimmering blue altar of Sif Muna.
   279 | D        | Found a radiant altar of Vehumet.
   300 | D        | Found Neji's Book Emporium.
   300 | D        | Found an ancient bone altar of Kikubaaqudgha.
   300 | D        | Found a hazy altar of Hepliaklqana.
   300 | D        | Found a stormy altar of Qazlal.
   300 | D        | Found a hide-covered altar of Uskayaw.
   300 | D        | Found a blossoming altar of Fedhas.
   300 | D        | Found a bloodstained altar of Trog.
   300 | D        | Found an iron altar of Okawaru.
   300 | D        | Found a basalt altar of Yredelemnul.
   300 | D        | Found a glowing golden altar of the Shining One.
   300 | D        | Found a snail-covered altar of Cheibriados.
   300 | D        | Found a sacrificial altar of Ru.
   300 | D        | Found a glowing silver altar of Zin.
   300 | D        | Found a shadowy altar of Dithmenos.
   300 | D        | Found a white marble altar of Elyvilon.
   300 | D        | Noticed a yak
   304 | D        | Killed a yak
   304 | D        | Reached skill level 13 in Spellcasting
   385 | D        | Found an opulent altar of Gozag.
   386 | D        | Found a sparkling altar of Nemelex Xobeh.
   408 | D        | Became a worshipper of Sif Muna the Loreminder
   412 | D        | Noticed Sonja
   414 | D        | Killed Sonja
   414 | D        | Reached * piety under Sif Muna
   414 | D        | Reached ** piety under Sif Muna
   414 | D        | Reached skill level 15 in Spellcasting
   414 | D        | Reached XP level 7. HP: 20/36 MP: 15/28
   414 | D        | Reached XP level 8. HP: 23/41 MP: 15/29
   554 | D        | Found a burning altar of Makhleb.
   554 | D        | Found a viscous altar of Jiyva.
   554 | D        | Found a shimmering altar of Xom.
   554 | D        | Found a corrupted altar of Lugonu.
   677 | D        | Noticed a centaur warrior
   677 | D        | Noticed a centaur warrior
   685 | D        | Killed a centaur warrior
   685 | D        | Reached *** piety under Sif Muna
   685 | D        | Reached **** piety under Sif Muna
   685 | D        | Reached skill level 16 in Spellcasting
   685 | D        | Killed a centaur warrior
   685 | D        | Reached skill level 17 in Spellcasting
   685 | D        | Reached skill level 15 in Fire Magic
   685 | D        | Reached XP level 9. HP: 24/45 MP: 11/32
   811 | D        | Found Cuatieb's Book Boutique.
   831 | D        | Noticed a deep troll
   836 | D        | Killed a deep troll
   836 | D        | Reached ***** piety under Sif Muna
   836 | D        | Identified Kualyupp's Grimoire of the Gliding Oath (Sif
                  | Muna gifted it to you in the Dungeon)
   836 | D        | Received a gift from Sif Muna
   836 | D        | Reached skill level 18 in Spellcasting
   992 | D        | Found Vizuroca's Armour Emporium.
  1013 | D        | Learned a level 5 spell: Summon Lightning Spire
  1079 | D        | Noticed a kobold demonologist
  1079 | D        | Noticed a kobold demonologist
  1080 | D        | Reached skill level 1 in Summonings
  1081 | D        | Killed a kobold demonologist
  1081 | D        | Reached skill level 1 in Air Magic
  1081 | D        | Killed a kobold demonologist
  1122 | D        | HP: 2/45 [demonic crawler (1)]
  1122 | D        | Slain by a demonic crawler

Levels and vault maps discovered:
D:        dungeon_sprint_1 [red_sonja_temple_1, red_sonja_temple_small_1]

Skill      XL: |  1  2  3  4  5  6  7  8  9 |
---------------+----------------------------+-----
Spellcasting   | 8 10 12 15 17 18 | 18.4
Fire Magic     | 7 8 10 13 15 16 | 16.0
Invocations    | 4 |  4.0
Summonings     | 2 |  2.7
Air Magic      | 2 |  2.3
Dodging        | |  2.4
Stealth        | |  2.4

Action                   |  1- 3 |  4- 6 |  7- 9 || total
-------------------------+-------+-------+-------++-------
Melee: Scythe            |       |     1 |     1 ||     2
 Cast: Foxfire           |     5 |     2 |       ||     7
       Searing Ray       |       |     5 |     1 ||     6
       Conjure Flame     |       |     4 |     5 ||     9
       Fireball          |       |     1 |     9 ||    10
       Sticky Flame      |       |     1 |     2 ||     3
       Summon Lightning  |       |       |     1 ||     1
Dodge: Dodged            |     7 |     2 |     1 ||    10
